 Dungeon Crawl Stone Soup version 0.28-a0-1555-g9ae15a6949 (webtiles) character file.

Game seed: 17418271422797032018

448 voltaire321 the Magician (level 6, -3/34 HPs)
             Began as a Deep Elf Earth Elementalist on Jan 18, 2022.
             Slain by Pikel (20 damage)
             ... on level 4 of the Dungeon.
             The game lasted 00:12:13 (3126 turns).

voltaire321 the Magician (DEEE)                     Turns: 3126, Time: 00:12:13

Health: -3/34      AC: 10    Str:  5    XL:     6   Next: 73%
Magic:  6/15       EV: 13    Int: 22    God:
Gold:   172        SH:  4    Dex: 15    Spells: 9/15 levels left

rFire   . . .      SeeInvis .   i - +2 dagger (flame)
rCold   . . .      Faith    .   e - +0 buckler
rNeg    + . .      Spirit   .   h - +2 animal skin
rPois   .          Reflect  .   l - +1 hat
rElec   .          Harm     .   j - +0 cloak
rCorr   .          Rampage  .   f - +0 pair of gloves
Will    .....                   d - +2 pair of boots
Stlth   ++........              (no amulet)
HPRegen 0.11/turn               m - ring of positive energy
MPRegen 0.14/turn               (no ring)

@: no status effects
A: no striking features
a: no special abilities


You were on level 4 of the Dungeon.
You visited 1 branch of the dungeon, and saw 4 of its levels.

You collected 172 gold pieces.

Inventory:

Hand Weapons
 b - a +0 rapier
 i - a +2 dagger of flaming (weapon)
Missiles
 c - 70 stones
Armour
 d - a +2 pair of boots (worn)
 e - a +0 buckler (worn)
 f - a +0 pair of gloves (worn)
 h - a +2 animal skin (worn)
 j - a +0 cloak (worn)
 l - a +1 hat (worn)
Jewellery
 m - a ring of positive energy (left hand)
Wands
 o - a wand of paralysis (2)
Scrolls
 a - a scroll of blinking {unknown}
 n - a scroll of fear {unknown}
Potions
 g - 3 potions of haste
 k - a potion of heal wounds
 p - 3 potions of curing {unknown}
 q - a potion of cancellation {unknown}


   Skills:
 + Level 1.5 Fighting
 + Level 4.4 Dodging
 - Level 2.4 Stealth
 + Level 2.1 Shields
 + Level 5.1 Spellcasting
 + Level 2.2 Conjurations
 - Level 1.1 Transmutations
 + Level 4.7 Earth Magic


You had 9 spell levels left.
You knew the following spells:

 Your Spells              Type           Power      Damage    Failure   Level
a - Sandblast             Erth           52%        2d12      1%          1
b - Passwall              Tmut/Erth      15%        N/A       6%          2
c - Stone Arrow           Conj/Erth      42%        3d9       10%         3

Your spell library contained the following spells:

 Spells                   Type           Power      Damage    Failure   Level
 Petrify                  Tmut/Erth      18%        N/A       36%         4


Dungeon Overview and Level Annotations

Branches:
Dungeon (4/15)
 Temple: D:4-7

Altars:
Zin

Annotations:
D:4 Grinder, Pikel


Message History

Aiming: Sandblast (safe; 1% risk of failure)
Press: ? - help, Shift-Dir - straight line, f/p - Pikel
Aim: Pikel, wielding a +0 whip of electrocution and wearing a +0 robe (moderately wounded, 76% to hit)
The blast of sand hits Pikel but does no damage.
Pikel is moderately wounded.
A lemure comes into view.
Casting: Sandblast (safe; 1% risk of failure)
Confirm with . or Enter, or press ? or * to list all spells.
Aiming: Sandblast (safe; 1% risk of failure)
Press: ? - help, Shift-Dir - straight line, f/p - Pikel
Aim: Pikel, wielding a +0 whip of electrocution and wearing a +0 robe (moderately wounded, 76% to hit)
The blast of sand hits Pikel.
Pikel is moderately wounded.
Pikel hits you but does no damage.
Casting: Sandblast (safe; 1% risk of failure)
Confirm with . or Enter, or press ? or * to list all spells.
Aiming: Sandblast (safe; 1% risk of failure)
Press: ? - help, Shift-Dir - straight line, f/p - Pikel
Aim: Pikel, wielding a +0 whip of electrocution and wearing a +0 robe (moderately wounded, 76% to hit)
The blast of sand hits Pikel but does no damage.
Pikel is moderately wounded.
Pikel hits you but does no damage.
You are electrocuted!
Casting: Sandblast (safe; 1% risk of failure)
Confirm with . or Enter, or press ? or * to list all spells.
Aiming: Sandblast (safe; 1% risk of failure)
Press: ? - help, Shift-Dir - straight line, f/p - Pikel
Aim: Pikel, wielding a +0 whip of electrocution and wearing a +0 robe (moderately wounded, 76% to hit)
The blast of sand hits Pikel!
Pikel is heavily wounded.
Pikel hits you with a +0 whip of electrocution.
Casting: Sandblast (safe; 1% risk of failure)
Confirm with . or Enter, or press ? or * to list all spells.
Aiming: Sandblast (safe; 1% risk of failure)
Press: ? - help, Shift-Dir - straight line, f/p - Pikel
Aim: Pikel, wielding a +0 whip of electrocution and wearing a +0 robe (heavily wounded, 76% to hit)
The blast of sand hits Pikel!
Pikel is severely wounded.
Grinder blinks!
Pikel hits you but does no damage.
You are electrocuted!!
Ouch! That really hurt!
You die...

##.##### #... #.#
###########...
#.####.........#...
#..................
#######.........####
#...............# #
#.#5#.#.........#
#.#.#.#.........#
######.#@#.#.........#
#......#K#...........#
#.###..#.###.........#
#..#.............#
###..#.ยง..........
#....#.#5.........
#.#.##.#.#........
#.#....#.#########
.#.######.#
#..........#


You could see Pikel, Grinder and a lemure.

Vanquished Creatures
  Sigmund (D:3)
  A sky beast (D:3)
  A phantom (D:3)
  Robin (D:2)
  3 gnolls (D:2)
  2 adders
  A worm (D:2)
  3 dart slugs
  2 orcs
  4 ball pythons
  6 endoplasms
  5 giant cockroaches
  10 goblins
  5 hobgoblins
  A quokka (D:4)
  A bat (D:1)
  5 frilled lizards
  3 kobolds
  8 rats
63 creatures vanquished.

Notes
Turn   | Place    | Note
-------+----------+-------------------------------------------
     0 | D:1      | voltaire321 the Deep Elf Earth Elementalist began the quest
                  | for the Orb.
     0 | D:1      | Reached XP level 1. HP: 10/10 MP: 6/6
   145 | D:1      | Reached XP level 2. HP: 15/15 MP: 2/8
  1081 | D:2      | Reached XP level 3. HP: 19/19 MP: 6/10
  1195 | D:2      | Noticed Robin
  1199 | D:2      | Killed Robin
  1200 | D:2      | Reached skill level 1 in Shields
  1200 | D:2      | Reached skill level 4 in Spellcasting
  1202 | D:2      | Reached XP level 4. HP: 21/24 MP: 4/12
  1606 | D:2      | Found a glowing silver altar of Zin.
  1643 | D:2      | Learned a level 2 spell: Passwall
  1647 | D:2      | Learned a level 3 spell: Stone Arrow
  2034 | D:3      | Noticed Sigmund
  2201 | D:3      | Killed Sigmund
  2202 | D:3      | Reached skill level 1 in Fighting
  2202 | D:3      | Reached skill level 1 in Conjurations
  2202 | D:3      | Reached XP level 5. HP: 29/29 MP: 5/14
  2303 | D:3      | Found a faded altar of an unknown god.
  2335 | D:3      | Reached XP level 6. HP: 33/34 MP: 15/15
  2419 | D:3      | Noticed a sky beast
  2446 | D:3      | Reached skill level 5 in Spellcasting
  2450 | D:3      | Killed a sky beast
  2860 | D:4      | Noticed Pikel
  3107 | D:4      | Noticed Grinder
  3126 | D:4      | Slain by Pikel

Illustrated notes

Levels and vault maps discovered:
D:1:      noname_arrival_rooms_in_the_neighbourhood, layout_rooms
D:2:      cheibrodos_old_hovel, layout_loops_ring, basic_altar,
          minmay_curled_crystal, chequers_serial_rivers_room_b, uniq_robin
D:3:      layout_basic, hellmonk_ecumenical_altar_inner_sanctum, uniq_sigmund
D:4:      layout_basic, gammafunk_ghost_gnarly_gnolls, uniq_duvessa,
          uniq_natasha, uniq_pikel, uniq_grinder

Skill      XL: |  1  2  3  4  5  6 |
---------------+-------------------+-----
Dodging        | 3 4 |  4.4
Shields        | 1 2 |  2.1
Spellcasting   | 4 5 |  5.1
Earth Magic    | 4 |  4.7
Fighting       | 1 |  1.5
Conjurations   | 1 2 |  2.2
Stealth        | |  2.4
Transmutations | |  1.1

Action                   |  1- 3 |  4- 6 || total
-------------------------+-------+-------++-------
Melee: Dagger            |    54 |    45 ||    99
 Cast: Sandblast         |    30 |    48 ||    78
       Stone Arrow       |       |     2 ||     2
Evoke: Wand              |       |     1 ||     1
  Use: Scroll            |       |     6 ||     6
 Stab: Sleeping          |     2 |     3 ||     5
Armor: Robe              |    11 |       ||    11
       Animal skin       |       |    18 ||    18
Dodge: Dodged            |    39 |    27 ||    66
Block: Buckler           |     4 |     5 ||     9

Table legend: (Time is in decaauts)
 A = Elapsed time spent in this place.
 B = Non-inter-level travel time spent in this place.
 C = Inter-level travel time spent in this place.
 D = Time resting spent in this place.
 E = Time spent auto-exploring this place.
 F = Levels seen in this place.
 G = Mean time per level.
                   A        B        C        D        E       F      G
               +--------+--------+--------+--------+--------+-----+--------+
         Total |   3129 |   3033 |     96 |    796 |   1436 |   4 |  782.2 |
       Dungeon |   3129 |   3033 |     96 |    796 |   1436 |   4 |  782.2 |
               +--------+--------+--------+--------+--------+-----+--------+

Top non-repeatable levels by time:
     D:2: 1054 daAuts
     D:3: 1049 daAuts
     D:1: 795 daAuts
     D:4: 230 daAuts
